 Dungeon Crawl Stone Soup version 0.26.0-15-gc6cd9f700b (webtiles) character file.

Game seed: 14696253407830733803

25546 EnegeticOcto the Thaumaturge (level 13, -4/98 HPs)
             Began as a Gnoll Earth Elementalist on Jan 16, 2021.
             Was a High Priest of Cheibriados.
             Slain by a dire elephant (33 damage)
             ... on level 6 of the Lair of Beasts.
             The game lasted 00:36:39 (4257 turns).

EnegeticOcto the Thaumaturge (GnEE)                 Turns: 4257, Time: 00:36:39

Health: -4/98      AC:  8    Str: 25    XL:     13   Next: 20%
Magic:  13/35      EV: 22    Int: 36    God:    Cheibriados [*****.]
Gold:   379        SH:  8    Dex: 30    Spells: 12/31 levels left

rFire    + + .     SeeInvis .   b - staff of fire
rCold    + . .     Faith    .   D - +0 buckler
rNeg     . . .     Spirit   .   J - +0 steam dragon scales
rPois    .         Reflect  .   (no helmet)
rElec    .         Harm     .   T - scarf {rC+ rF+}
rCorr    .         Rampage  .   (no gloves)
Will     +....                  s - +0 pair of boots
Stlth    +++.......             (no amulet)
HPRegen  0.26/turn              t - ring of magical power
MPRegen  0.24/turn              x - ring of willpower

@: brilliant, barbed spikes, very slow
A: distributed training, fangs 1, strong nose
a: Renounce Religion, Bend Time, Temporal Distortion, Slouch, Step From Time


You were on level 6 of the Lair of Beasts.
You worshipped Cheibriados.
Cheibriados was extremely pleased with you.
You visited 3 branches of the dungeon, and saw 19 of its levels.
You also visited: Ossuary and Ice Cave.

You collected 1346 gold pieces.
You spent 967 gold pieces at shops.

Inventory:

Hand Weapons
 q - a +1 mace of holy wrath
   (You found it on level 4 of the Dungeon)
 u - a +0 halberd
   (You took it off a gnoll on level 7 of the Dungeon)
 E - a +0 war axe
   (You found it on level 8 of the Dungeon)
 I - a +2 morningstar of draining
   (You took it off an orc on level 8 of the Dungeon)
 Z - the +1 falchion of Tomann {freeze, rF++ Will+}
   (You found it on level 2 of the Lair of Beasts)

   It has been specially enchanted to freeze those struck by it, causing extra
   injury to most foes and up to half again as much damage against particularly
   susceptible opponents.
   It can also slow down cold-blooded creatures.
   It greatly protects you from fire.
   It affects your willpower, your defense against some magical effects.
Missiles
 c - 24 stones
 r - 17 boomerangs (quivered)
 H - a throwing net {!f}
 P - 4 javelins
Armour
 s - a +0 pair of boots (worn)
   (You found it on level 3 of the Lair of Beasts)
 D - a +0 buckler (worn)
   (You took it off a gnoll sergeant on level 7 of the Dungeon)
 J - +0 steam dragon scales (worn)
   (You took it off Maggie on level 9 of the Dungeon)
 N - the +0 ring mail of Altruism {Rampage}
   (You found it on level 10 of the Dungeon)

   It bestows one free step when moving towards enemies.
   Cheibriados disapproves of the use of such an item.
 T - a scarf of resistance (worn)
   (You found it on level 1 of the Lair of Beasts)
 V - a +0 leather armour
   (You found it on level 2 of the Lair of Beasts)
Magical Staves
 b - an uncursed staff of fire (weapon)
   (You found it on level 2 of the Lair of Beasts)
 k - an uncursed staff of death
   (You found it on level 7 of the Dungeon)
 y - an uncursed staff of poison
   (You found it on level 7 of the Dungeon)
 S - an uncursed staff of air
   (You found it on level 1 of the Lair of Beasts)
Jewellery
 t - a ring of magical power (left hand)
   (You found it on level 5 of the Dungeon)
 w - an uncursed ring of flight
   (You found it on level 6 of the Dungeon)
 x - a ring of willpower (right hand)
   (You found it on level 6 of the Dungeon)
 R - an uncursed ring of fire
   (You found it on level 11 of the Dungeon)
 Y - an uncursed ring of teleportation
   (You found it on level 3 of the Lair of Beasts)
Wands
 O - a wand of flame (9) {@v4}
   (You found it on level 10 of the Dungeon)
 W - a wand of polymorph (16)
   (You found it on level 3 of the Lair of Beasts)
 X - a wand of iceblast (7) {@v2}
   (You found it on level 3 of the Lair of Beasts)
Scrolls
 a - 6 scrolls of blinking {@r4}
 d - 3 scrolls of enchant armour
 g - 8 scrolls of remove curse {@r2}
 m - a scroll of amnesia
 n - 2 scrolls of enchant weapon
 o - 4 scrolls of teleportation {@r3 !r}
 B - 2 scrolls of magic mapping {@r5 !r}
 C - 2 scrolls of immolation
 Q - 2 scrolls of fog {!r}
 U - a scroll of random uselessness
Potions
 e - a potion of haste {@q4 !q}
 f - 5 potions of brilliance
 h - 6 potions of curing {@q1 !q}
 i - 3 potions of heal wounds {@q2 !q}
 j - 3 potions of ambrosia
 l - 2 potions of might {@q3 !q}
 p - 2 potions of lignification {@q6}
 v - 3 potions of flight
 z - 3 potions of mutation
 A - 2 potions of cancellation
 F - 2 potions of attraction
 G - a potion of degeneration
 L - a potion of invisibility
Miscellaneous
 K - a condenser vane (inert)
   (You bought it in a shop on level 2 of the Orcish Mines)


   Skills:
 + Level 8.1 Fighting
 + Level 8.1 Short Blades
 + Level 8.1 Long Blades
 + Level 8.1 Axes
 + Level 8.1 Maces & Flails
 + Level 8.1 Polearms
 + Level 8.1 Staves
 + Level 8.1 Slings
 + Level 8.1 Bows
 + Level 8.1 Crossbows
 + Level 8.1 Throwing
 + Level 8.1 Armour
 + Level 9.3 Dodging
 + Level 9.1 Stealth
 + Level 8.1 Shields
 + Level 8.1 Unarmed Combat
 + Level 9.5 Spellcasting
 + Level 6.7 Conjurations
 + Level 6.7 Hexes
 + Level 6.7 Summonings
 + Level 6.7 Necromancy
 + Level 6.7 Translocations
 + Level 7.1 Transmutations
 + Level 6.7 Fire Magic
 + Level 6.7 Ice Magic
 + Level 6.7 Air Magic
 + Level 8.7 Earth Magic
 + Level 6.7 Poison Magic
 + Level 8.8 Invocations
 + Level 8.1 Evocations


You had 12 spell levels left.
You knew the following spells:

 Your Spells              Type           Power        Failure   Level
a - Sandblast             Erth           100%         1%          1
b - Stone Arrow           Conj/Erth      100%         1%          3
c - Petrify               Tmut/Erth      84%          1%          4
d - Lee's Rapid Deconstr  Erth           44%          1%          5
e - Fulminant Prism       Conj/Hex       39%          1%          4
p - Passwall              Tmut/Erth      70%          1%          2

Your spell library contained the following spells:

 Spells                   Type           Power        Failure   Level
 Magic Dart               Conj           100%         1%          1
 Searing Ray              Conj           100%         1%          2
 Dazzling Flash           Conj/Hex       100%         1%          3
 Iskenderun's Mystic Bla  Conj/Tloc      78%          1%          4


Dungeon Overview and Level Annotations

Branches:
Dungeon (11/15)            Temple (0/1) D:5            Lair (6/6) D:11
    Orc (2/2) D:9         Ossuary (visited)           IceCv (visited)
  Swamp: Lair:2-4    Shoals: Lair:2-4     Snake: Lair:2-4    Spider: Lair:2-4
  Slime: Lair:5-6       Elf: Orc:2

Altars:
Cheibriados
Dithmenos
Fedhas
Kikubaaqudgha
Makhleb
Nemelex Xobeh
Ru
Trog
Yredelemnul
Beogh

Shops:
D:6 (*}   D:7 !   Orc:2 *}!*(

Annotations:
D:10 Grum, Josephine


Innate Abilities, Weirdness & Mutations

Your experience applies equally to all skills.
You have very sharp teeth.
Your uncanny sense of smell can sniff out nearby items.


Message History

Your Evocations skill increases to level 8!
You barely miss the rime drake. The rime drake bites you.
You can feel time thicken for a moment.
You kill the rime drake!
Cheibriados thoroughly appreciates the change of pace.
You kill the wyvern!
Cheibriados thoroughly appreciates the change of pace.
You kill the rime drake!
Cheibriados appreciates the change of pace.
Cheibriados lowers the support of your attributes as your movement quickens.
Casting: Stone Arrow (safe; 1% risk of failure)
Confirm with . or Enter, or press ? or * to list all spells.
Aiming: Stone Arrow (safe; 1% risk of failure)
Press: ? - help, Shift-Dir - straight line, f - polar bear
Aim: a polar bear (heavily wounded, 16% to evade)
The stone arrow hits the polar bear.
The polar bear is heavily wounded.
The ice encasing you melts away. The polar bear bites you!
The polar bear claws you but does no damage.
The polar bear barely misses you.
Unknown command.
Unknown command.
Casting: Stone Arrow (safe; 1% risk of failure)
Confirm with . or Enter, or press ? or * to list all spells.
Aiming: Stone Arrow (safe; 1% risk of failure)
Press: ? - help, Shift-Dir - straight line, f/p - polar bear
Aim: a polar bear (heavily wounded, 16% to evade)
The stone arrow hits the polar bear!!
You kill the polar bear!
Cheibriados appreciates the change of pace.
A sea snake comes into view.
The sea snake completely misses you.
Casting: Stone Arrow (safe; 1% risk of failure)
Confirm with . or Enter, or press ? or * to list all spells.
Aiming: Sandblast (safe; 1% risk of failure)
Press: ? - help, Shift-Dir - straight line, f - sea snake
Aim: a sea snake (27% to evade)
The blast of sand hits the sea snake!!
The sea snake is moderately wounded.
c - 27 stones The sea snake closely misses you.
Casting: Sandblast (safe; 1% risk of failure)
Confirm with . or Enter, or press ? or * to list all spells.
Aiming: Sandblast (safe; 1% risk of failure)
Press: ? - help, Shift-Dir - straight line, f/p - sea snake
Aim: a sea snake (moderately wounded, 27% to evade)
The blast of sand hits the sea snake!!
The sea snake is heavily wounded.
c - 26 stones The sea snake bites you but does no damage.
Casting: Sandblast (safe; 1% risk of failure)
Confirm with . or Enter, or press ? or * to list all spells.
Aiming: Sandblast (safe; 1% risk of failure)
Press: ? - help, Shift-Dir - straight line, f/p - sea snake
Aim: a sea snake (heavily wounded, 27% to evade)
The blast of sand hits the sea snake!!
The sea snake is almost dead.
c - 25 stones The sea snake bites you!
Casting: Sandblast (safe; 1% risk of failure)
Confirm with . or Enter, or press ? or * to list all spells.
Aiming: Sandblast (safe; 1% risk of failure)
Press: ? - help, Shift-Dir - straight line, f/p - sea snake
Aim: a sea snake (almost dead, 27% to evade)
The blast of sand hits the sea snake!!
You kill the sea snake!
Cheibriados thoroughly appreciates the change of pace.
c - 24 stones You enter the shallow water.
Moving in this stuff is going to be slow.
A merfolk avatar comes into view.
You enter the shallow water.
Moving in this stuff is going to be slow.
Found 24 gold pieces and a yellowed book.
Found a crude hunting sling.
A dire elephant comes into view.
The dire elephant trumpets!
You hear an angry hiss.
A manticore comes into view.
Found a notched gilded ring.
Evoke which item? (* to show all) (? for menu, Esc to quit)
Okay, then.
Okay, then.
Okay, then.
Evoke which item? (* to show all) (? for menu, Esc to quit)
Okay, then.
Okay, then.
There are monsters nearby!
Evoke which item? (* to show all) (? for menu, Esc to quit)
Okay, then.
You feel clever all of a sudden.
The manticore flicks its tail.
The volley of spikes hits you!
The barbed spikes become lodged in your body.
The dire elephant tramples you!!
* * * LOW HITPOINT WARNING * * *
You stumble backwards!
Splash!
The dire elephant tramples you!!
You die...

#.......†............#...#
#.........................
#.........................
##......≈P...≈≈≈≈..†..†≈..
#.........#≈≈##≈≈†#≈≈##≈≈.
#........##≈≈##≈≈##≈≈##≈≈.
#P......≈≈≈≈≈≈P≈P≈≈≈≈≈P≈≈≈
#PP.....≈≈≈≈≈#.≈≈≈#≈≈#≈≈P#
P.......≈.#≈≈#≈≈@≈≈≈≈≈≈≈≈≈
#.).......#≈≈#≈≈≈Y≈≈≈≈≈≈≈≈
#.......≈≈≈≈#≈≈≈≈≈#≈≈≈≈≈≈
##...#.^≈≈≈≈#####..#####
...##.≈##≈≈# ≈≈H≈≈≈ ...
#.. ≈≈# ≈≈#≈m≈≈≈≈ ≈≈≈
≈≈≈≈≈≈≈ ≈≈≈≈∆$$:≈≈≈≈
#≈≈≈≈∆≈≈)≈≈≈≈


You could see a dire elephant, a merfolk avatar (wandering) and a manticore.

Vanquished Creatures
  A two-headed ogre (D:11)
  3 orc high priests (Orc:2)
  Urug (D:10)
  A sea snake (Lair:6)
  A deep elf mage (D:11)
  5 orc knights (Orc:2)
  4 orc sorcerers (Orc:2)
  A cyclops (Orc:2)
  3 black mambas
  An elephant (Lair:6)
  4 cane toads
  Maggie (D:9)
  4 rime drakes (Lair:6)
  3 komodo dragons
  A polar bear (Lair:6)
  5 blink frogs (Lair:1)
  19 yaks
  4 wyverns
  3 basilisks
  A wraith (D:9)
  2 wargs
  Menkaure (D:7)
  4 water moccasins
  A swamp drake (D:11)
  2 phantoms
  A black bear (D:4)
  A necrophage (D:7)
  15 orc warriors
  A sky beast (D:9)
  17 wolves
  6 ogres
  5 centaurs
  2 big kobolds
  3 bullfrogs
  3 gnoll sergeants (D:7)
  A water moccasin zombie (D:5)
  3 centaur zombies
  A jelly (D:11)
  A gnoll shaman (D:7)
  11 orc priests
  2 centaur skeletons
  11 hounds
  2 bullfrog skeletons
  An iron imp (D:9)
  Ijyb (D:3)
  26 orc wizards
  5 iguanas
  4 worker ants
  4 ogre zombies (Ossuary)
  A hound skeleton (D:4)
  5 mummies (Ossuary)
  19 gnolls
  A worker ant zombie (D:11)
  4 adders
  An ufetubus (D:6)
  An ooze (D:4)
  2 adder skeletons (D:5)
  4 adder zombies
  A worm (D:2)
  A dart slug (D:4)
  4 leopard geckos
  34 orcs
  A bat (D:1)
  2 giant cockroaches
  5 goblins
  3 hobgoblins
  11 jackals
  3 quokkas
  2 ball pythons
  4 frilled lizards
  2 hobgoblin zombies (Ossuary)
  14 kobolds
  A kobold zombie (Ossuary)
  A leopard gecko zombie (D:5)
  An orc zombie (Ossuary)
  2 quokka zombies
333 creatures vanquished.

Vanquished Creatures (others)
  A kobold (D:3)
  12 fungi
  20 plants
  A withered plant (D:5)
34 creatures vanquished.

Grand Total: 367 creatures vanquished

Notes
Turn   | Place    | Note
-------+----------+-------------------------------------------
     0 | D:1      | EnegeticOcto the Gnoll Earth Elementalist began the quest
                  | for the Orb.
     0 | D:1      | Reached XP level 1. HP: 13/13 MP: 6/6
    44 | D:1      | Reached skill level 2 in Transmutations
    79 | D:2      | Found a faded altar of an unknown god.
    86 | D:1      | Reached XP level 2. HP: 10/19 MP: 0/7
   187 | D:2      | Became a worshipper of Cheibriados the Contemplative
   187 | D:2      | Reached * piety under Cheibriados
   188 | D:2      | ok
   271 | D:2      | Reached XP level 3. HP: 18/25 MP: 6/9
   274 | D:2      | Learned a level 2 spell: Passwall
   278 | D:2      | Learned a level 3 spell: Stone Arrow
   362 | D:1      | Reached skill level 5 in Spellcasting
   422 | D:3      | Reached skill level 1 in Fighting
   422 | D:3      | Reached skill level 1 in Short Blades
   422 | D:3      | Reached skill level 1 in Long Blades
   422 | D:3      | Reached skill level 1 in Axes
   422 | D:3      | Reached skill level 1 in Maces & Flails
   422 | D:3      | Reached skill level 1 in Polearms
   422 | D:3      | Reached skill level 1 in Staves
   422 | D:3      | Reached skill level 1 in Slings
   422 | D:3      | Reached skill level 1 in Bows
   422 | D:3      | Reached skill level 1 in Crossbows
   422 | D:3      | Reached skill level 1 in Throwing
   422 | D:3      | Reached skill level 1 in Armour
   422 | D:3      | Reached skill level 1 in Shields
   422 | D:3      | Reached skill level 1 in Unarmed Combat
   422 | D:3      | Reached skill level 1 in Invocations
   422 | D:3      | Reached skill level 1 in Evocations
   422 | D:3      | Reached XP level 4. HP: 27/32 MP: 7/11
   432 | D:3      | Reached skill level 1 in Conjurations
   432 | D:3      | Reached skill level 1 in Hexes
   432 | D:3      | Reached skill level 1 in Summonings
   432 | D:3      | Reached skill level 1 in Necromancy
   432 | D:3      | Reached skill level 1 in Translocations
   432 | D:3      | Reached skill level 1 in Fire Magic
   432 | D:3      | Reached skill level 1 in Ice Magic
   432 | D:3      | Reached skill level 1 in Air Magic
   432 | D:3      | Reached skill level 1 in Poison Magic
   485 | D:4      | Noticed an ogre
   492 | D:4      | Killed an ogre
   493 | D:4      | Reached XP level 5. HP: 37/37 MP: 7/12
   500 | D:4      | Learned a level 4 spell: Petrify
   506 | D:3      | Noticed Ijyb
   550 | D:3      | Killed Ijyb
   575 | D:4      | Reached ** piety under Cheibriados
   638 | D:4      | Reached skill level 2 in Invocations
   638 | D:4      | Reached XP level 6. HP: 36/44 MP: 2/13
   644 | D:4      | Learned a level 5 spell: Lee's Rapid Deconstruction
   653 | D:4      | Noticed a black bear
   710 | D:4      | Reached skill level 5 in Dodging
   734 | D:4      | Killed a black bear
   735 | D:4      | Reached skill level 2 in Fighting
   735 | D:4      | Reached skill level 2 in Short Blades
   735 | D:4      | Reached skill level 2 in Long Blades
   735 | D:4      | Reached skill level 2 in Axes
   735 | D:4      | Reached skill level 2 in Maces & Flails
   735 | D:4      | Reached skill level 2 in Polearms
   735 | D:4      | Reached skill level 2 in Staves
   735 | D:4      | Reached skill level 2 in Slings
   735 | D:4      | Reached skill level 2 in Bows
   735 | D:4      | Reached skill level 2 in Crossbows
   735 | D:4      | Reached skill level 2 in Throwing
   735 | D:4      | Reached skill level 2 in Armour
   735 | D:4      | Reached skill level 2 in Shields
   735 | D:4      | Reached skill level 2 in Unarmed Combat
   735 | D:4      | Reached skill level 2 in Evocations
   752 | D:4      | Reached XP level 7. HP: 42/50 MP: 0/15
   851 | D:5      | Entered Level 5 of the Dungeon
   854 | D:5      | Reached skill level 2 in Conjurations
   854 | D:5      | Reached skill level 2 in Hexes
   854 | D:5      | Reached skill level 2 in Summonings
   854 | D:5      | Reached skill level 2 in Necromancy
   854 | D:5      | Reached skill level 2 in Translocations
   854 | D:5      | Reached skill level 2 in Fire Magic
   854 | D:5      | Reached skill level 2 in Ice Magic
   854 | D:5      | Reached skill level 2 in Air Magic
   854 | D:5      | Reached skill level 2 in Poison Magic
   856 | D:5      | Reached skill level 3 in Transmutations
   870 | D:4      | Reached skill level 5 in Stealth
   909 | D:5      | Reached skill level 3 in Invocations
   985 | D:5      | Found a staircase to the Ecumenical Temple.
  1125 | D:5      | Found a blossoming altar of Fedhas.
  1145 | D:5      | Found a sparkling altar of Nemelex Xobeh.
  1193 | D:6      | Found Ythric's Weapon Shoppe.
  1305 | D:6      | Reached skill level 6 in Earth Magic
  1305 | D:6      | Reached XP level 8. HP: 43/57 MP: 16/16
  1314 | D:6      | Found Feumouliaj's Gadget Shop.
  1327 | D:6      | Reached *** piety under Cheibriados
  1347 | D:6      | Found Qairoc's Assorted Antiques.
  1358 | D:6      | Found a sacrificial altar of Ru.
  1363 | D:6      | Bought a scroll labelled SOUZOH CAUTO for 27 gold pieces
  1363 | D:6      | Bought a scroll labelled CEOPHE ULAPICREX for 27 gold
                  | pieces
  1428 | D:7      | Reached skill level 3 in Fighting
  1428 | D:7      | Reached skill level 3 in Short Blades
  1428 | D:7      | Reached skill level 3 in Long Blades
  1428 | D:7      | Reached skill level 3 in Axes
  1428 | D:7      | Reached skill level 3 in Maces & Flails
  1428 | D:7      | Reached skill level 3 in Polearms
  1428 | D:7      | Reached skill level 3 in Staves
  1428 | D:7      | Reached skill level 3 in Slings
  1428 | D:7      | Reached skill level 3 in Bows
  1428 | D:7      | Reached skill level 3 in Crossbows
  1428 | D:7      | Reached skill level 3 in Throwing
  1428 | D:7      | Reached skill level 3 in Armour
  1428 | D:7      | Reached skill level 3 in Shields
  1428 | D:7      | Reached skill level 3 in Unarmed Combat
  1428 | D:7      | Reached skill level 3 in Evocations
  1455 | D:7      | Reached skill level 6 in Spellcasting
  1529 | D:7      | Found Qej Lehi's Distillery.
  1612 | D:7      | Reached **** piety under Cheibriados
  1680 | D:7      | Reached skill level 3 in Conjurations
  1680 | D:7      | Reached skill level 3 in Hexes
  1680 | D:7      | Reached skill level 3 in Summonings
  1680 | D:7      | Reached skill level 3 in Necromancy
  1680 | D:7      | Reached skill level 3 in Translocations
  1680 | D:7      | Reached skill level 3 in Fire Magic
  1680 | D:7      | Reached skill level 3 in Ice Magic
  1680 | D:7      | Reached skill level 3 in Air Magic
  1680 | D:7      | Reached skill level 3 in Poison Magic
  1680 | D:7      | Reached skill level 4 in Invocations
  1702 | D:7      | Found a sand-covered staircase.
  1714 | Ossuary  | Entered an ossuary
  1789 | Ossuary  | Reached skill level 6 in Dodging
  1819 | Ossuary  | Reached XP level 9. HP: 56/65 MP: 7/18
  1883 | D:7      | Found a basalt altar of Yredelemnul.
  1883 | D:7      | Found an ancient bone altar of Kikubaaqudgha.
  1885 | D:7      | Noticed Menkaure
  1904 | D:7      | Reached skill level 4 in Fighting
  1904 | D:7      | Reached skill level 4 in Short Blades
  1904 | D:7      | Reached skill level 4 in Long Blades
  1904 | D:7      | Reached skill level 4 in Axes
  1904 | D:7      | Reached skill level 4 in Maces & Flails
  1904 | D:7      | Reached skill level 4 in Polearms
  1904 | D:7      | Reached skill level 4 in Staves
  1904 | D:7      | Reached skill level 4 in Slings
  1904 | D:7      | Reached skill level 4 in Bows
  1904 | D:7      | Reached skill level 4 in Crossbows
  1904 | D:7      | Reached skill level 4 in Throwing
  1904 | D:7      | Reached skill level 4 in Armour
  1904 | D:7      | Reached skill level 4 in Shields
  1904 | D:7      | Reached skill level 4 in Unarmed Combat
  1904 | D:7      | Reached skill level 4 in Transmutations
  1904 | D:7      | Reached skill level 4 in Evocations
  1979 | D:7      | Found a transporter.
  1984 | D:7      | Found a transporter.
  1993 | D:7      | Killed Menkaure
  1993 | D:7      | Reached ***** piety under Cheibriados
  1994 | D:7      | Reached skill level 6 in Stealth
  2197 | D:9      | Found a shadowy altar of Dithmenos.
  2214 | D:10     | Entered Level 10 of the Dungeon
  2214 | D:10     | Noticed Grum
  2214 | D:10     | Noticed a two-headed ogre
  2229 | D:9      | Noticed Maggie
  2237 | D:9      | Killed Maggie
  2238 | D:9      | Reached skill level 5 in Invocations
  2266 | D:9      | Reached skill level 7 in Spellcasting
  2272 | D:9      | Found a staircase to the Orcish Mines.
  2279 | D:9      | Reached XP level 10. HP: 47/73 MP: 16/20
  2287 | D:9      | Reached skill level 4 in Conjurations
  2287 | D:9      | Reached skill level 4 in Hexes
  2287 | D:9      | Reached skill level 4 in Summonings
  2287 | D:9      | Reached skill level 4 in Necromancy
  2287 | D:9      | Reached skill level 4 in Translocations
  2287 | D:9      | Reached skill level 4 in Fire Magic
  2287 | D:9      | Reached skill level 4 in Ice Magic
  2287 | D:9      | Reached skill level 4 in Air Magic
  2287 | D:9      | Reached skill level 4 in Poison Magic
  2352 | Orc:1    | Entered Level 1 of the Orcish Mines
  2352 | Orc:1    | Found a roughly hewn altar of Beogh.
  2418 | Orc:1    | Reached skill level 5 in Fighting
  2418 | Orc:1    | Reached skill level 5 in Short Blades
  2418 | Orc:1    | Reached skill level 5 in Long Blades
  2418 | Orc:1    | Reached skill level 5 in Axes
  2418 | Orc:1    | Reached skill level 5 in Maces & Flails
  2418 | Orc:1    | Reached skill level 5 in Polearms
  2418 | Orc:1    | Reached skill level 5 in Staves
  2418 | Orc:1    | Reached skill level 5 in Slings
  2418 | Orc:1    | Reached skill level 5 in Bows
  2418 | Orc:1    | Reached skill level 5 in Crossbows
  2418 | Orc:1    | Reached skill level 5 in Throwing
  2418 | Orc:1    | Reached skill level 5 in Armour
  2418 | Orc:1    | Reached skill level 5 in Shields
  2418 | Orc:1    | Reached skill level 5 in Unarmed Combat
  2418 | Orc:1    | Reached skill level 5 in Evocations
  2476 | Orc:1    | Reached skill level 7 in Earth Magic
  2535 | Orc:1    | Noticed an orc knight
  2555 | Orc:2    | Entered Level 2 of the Orcish Mines
  2555 | Orc:2    | Found Rizaotucs's General Store.
  2559 | Orc:2    | Noticed a cyclops
  2566 | Orc:2    | Reached ****** piety under Cheibriados
  2568 | Orc:2    | Reached skill level 7 in Dodging
  2573 | Orc:2    | Killed a cyclops
  2630 | Orc:2    | Reached skill level 5 in Transmutations
  2677 | Orc:2    | Noticed an orc knight
  2686 | Orc:2    | Reached skill level 6 in Invocations
  2697 | Orc:2    | Killed an orc knight
  2698 | Orc:2    | Reached skill level 7 in Stealth
  2787 | Orc:2    | Noticed an orc high priest
  2787 | Orc:2    | Noticed an orc high priest
  2787 | Orc:2    | Noticed an orc high priest
  2788 | Orc:2    | Noticed an orc knight
  2788 | Orc:2    | Noticed an orc knight
  2788 | Orc:2    | Noticed an orc knight
  2788 | Orc:2    | Noticed an orc knight
  2788 | Orc:2    | Noticed an orc sorcerer
  2788 | Orc:2    | Noticed an orc sorcerer
  2789 | Orc:2    | Noticed an orange demon
  2789 | Orc:2    | Noticed a soul eater
  2790 | Orc:2    | Noticed a smoke demon
  2790 | Orc:2    | Killed an orc sorcerer
  2790 | Orc:2    | Killed an orc high priest
  2790 | Orc:2    | Killed an orc high priest
  2791 | Orc:2    | Reached skill level 6 in Fighting
  2791 | Orc:2    | Reached skill level 6 in Short Blades
  2791 | Orc:2    | Reached skill level 6 in Long Blades
  2791 | Orc:2    | Reached skill level 6 in Axes
  2791 | Orc:2    | Reached skill level 6 in Maces & Flails
  2791 | Orc:2    | Reached skill level 6 in Polearms
  2791 | Orc:2    | Reached skill level 6 in Staves
  2791 | Orc:2    | Reached skill level 6 in Slings
  2791 | Orc:2    | Reached skill level 6 in Bows
  2791 | Orc:2    | Reached skill level 6 in Crossbows
  2791 | Orc:2    | Reached skill level 6 in Throwing
  2791 | Orc:2    | Reached skill level 6 in Armour
  2791 | Orc:2    | Reached skill level 6 in Shields
  2791 | Orc:2    | Reached skill level 6 in Unarmed Combat
  2791 | Orc:2    | Reached skill level 5 in Conjurations
  2791 | Orc:2    | Reached skill level 5 in Hexes
  2791 | Orc:2    | Reached skill level 5 in Summonings
  2791 | Orc:2    | Reached skill level 5 in Necromancy
  2791 | Orc:2    | Reached skill level 5 in Translocations
  2791 | Orc:2    | Reached skill level 5 in Fire Magic
  2791 | Orc:2    | Reached skill level 5 in Ice Magic
  2791 | Orc:2    | Reached skill level 5 in Air Magic
  2791 | Orc:2    | Reached skill level 5 in Poison Magic
  2791 | Orc:2    | Reached skill level 6 in Evocations
  2791 | Orc:2    | Reached XP level 11. HP: 81/81 MP: 22/22
  2791 | Orc:2    | Killed an orc high priest
  2791 | Orc:2    | Killed an orc knight
  2791 | Orc:2    | Killed an orc knight
  2791 | Orc:2    | Killed an orc sorcerer
  2791 | Orc:2    | Killed an orc knight
  2792 | Orc:2    | Reached skill level 8 in Spellcasting
  2792 | Orc:2    | Reached skill level 7 in Invocations
  2793 | Orc:2    | Noticed an orc sorcerer
  2796 | Orc:2    | Killed an orc sorcerer
  2797 | Orc:2    | Reached skill level 8 in Dodging
  2802 | Orc:2    | Killed an orc knight
  2818 | Orc:2    | Killed an orc sorcerer
  2845 | Orc:2    | Found Baasub's Antique Weapon Shop.
  2845 | Orc:2    | Found Dinkuder's Gadget Shop.
  2849 | Orc:2    | Found Qiozuax's Distillery.
  2855 | Orc:2    | Found Akim's General Store.
  2859 | Orc:2    | Bought a scroll of blinking for 97 gold pieces
  2869 | Orc:2    | Bought a condenser vane for 600 gold pieces
  2871 | Orc:2    | Bought a potion of invisibility for 104 gold pieces
  2871 | Orc:2    | Bought 2 potions of curing for 78 gold pieces
  2914 | Orc:2    | Bought 20 stones for 34 gold pieces
  2950 | D:9      | Found a burning altar of Makhleb.
  3047 | D:9      | Reached skill level 8 in Stealth
  3047 | D:9      | Reached skill level 6 in Transmutations
  3102 | D:10     | Got a spiked ring mail
  3112 | D:10     | Identified the cursed +0 ring mail of Altruism {Rampage}
                  | (You found it on level 10 of the Dungeon)
  3164 | D:10     | Noticed Urug
  3179 | D:10     | Killed Urug
  3180 | D:10     | Reached skill level 8 in Earth Magic
  3194 | D:10     | Noticed Josephine
  3210 | D:11     | Noticed a deep elf mage
  3224 | D:11     | Reached XP level 12. HP: 51/89 MP: 13/24
  3232 | D:11     | Reached skill level 7 in Fighting
  3232 | D:11     | Reached skill level 7 in Short Blades
  3232 | D:11     | Reached skill level 7 in Long Blades
  3232 | D:11     | Reached skill level 7 in Axes
  3232 | D:11     | Reached skill level 7 in Maces & Flails
  3232 | D:11     | Reached skill level 7 in Polearms
  3232 | D:11     | Reached skill level 7 in Staves
  3232 | D:11     | Reached skill level 7 in Slings
  3232 | D:11     | Reached skill level 7 in Bows
  3232 | D:11     | Reached skill level 7 in Crossbows
  3232 | D:11     | Reached skill level 7 in Throwing
  3232 | D:11     | Reached skill level 7 in Armour
  3232 | D:11     | Reached skill level 7 in Shields
  3232 | D:11     | Reached skill level 7 in Unarmed Combat
  3232 | D:11     | Reached skill level 7 in Evocations
  3258 | D:11     | Found a bloodstained altar of Trog.
  3328 | D:11     | Noticed a two-headed ogre
  3332 | D:11     | Killed a two-headed ogre
  3350 | D:11     | Found a staircase to the Lair.
  3384 | Lair:1   | Entered Level 1 of the Lair of Beasts
  3455 | Lair:1   | Reached skill level 6 in Conjurations
  3455 | Lair:1   | Reached skill level 6 in Hexes
  3455 | Lair:1   | Reached skill level 6 in Summonings
  3455 | Lair:1   | Reached skill level 6 in Necromancy
  3455 | Lair:1   | Reached skill level 6 in Translocations
  3455 | Lair:1   | Reached skill level 6 in Fire Magic
  3455 | Lair:1   | Reached skill level 6 in Ice Magic
  3455 | Lair:1   | Reached skill level 6 in Air Magic
  3455 | Lair:1   | Reached skill level 6 in Poison Magic
  3509 | Lair:1   | Reached skill level 8 in Invocations
  3517 | Lair:1   | Reached skill level 9 in Spellcasting
  3546 | Lair:2   | Learned a level 4 spell: Fulminant Prism
  3637 | Lair:2   | You fall into a shaft and drop 1 floor!
  3737 | Lair:3   | Found a frozen archway.
  3749 | IceCv    | Entered an ice cave
  3782 | Lair:3   | Reached skill level 9 in Dodging
  3890 | Lair:2   | Got a bloodstained falchion
  3890 | Lair:2   | Identified the +1 falchion of Tomann {freeze, rF++ Will+}
                  | (You found it on level 2 of the Lair of Beasts)
  4166 | Lair:6   | Entered Level 6 of the Lair of Beasts
  4179 | Lair:6   | Reached skill level 9 in Stealth
  4179 | Lair:6   | Reached XP level 13. HP: 90/98 MP: 26/26
  4189 | Lair:6   | Reached skill level 7 in Transmutations
  4228 | Lair:6   | Reached skill level 8 in Fighting
  4228 | Lair:6   | Reached skill level 8 in Short Blades
  4228 | Lair:6   | Reached skill level 8 in Long Blades
  4228 | Lair:6   | Reached skill level 8 in Axes
  4228 | Lair:6   | Reached skill level 8 in Maces & Flails
  4228 | Lair:6   | Reached skill level 8 in Polearms
  4228 | Lair:6   | Reached skill level 8 in Staves
  4228 | Lair:6   | Reached skill level 8 in Slings
  4228 | Lair:6   | Reached skill level 8 in Bows
  4228 | Lair:6   | Reached skill level 8 in Crossbows
  4228 | Lair:6   | Reached skill level 8 in Throwing
  4228 | Lair:6   | Reached skill level 8 in Armour
  4228 | Lair:6   | Reached skill level 8 in Shields
  4228 | Lair:6   | Reached skill level 8 in Unarmed Combat
  4228 | Lair:6   | Reached skill level 8 in Evocations
  4254 | Lair:6   | Noticed a dire elephant
  4257 | Lair:6   | Slain by a dire elephant

Illustrated notes

..<.##.# ###.##.# ...
..# #.##.#### #.##
..##. #.##....
...##..... #.##..#
###........ ##)##..#
#........# #......##
##...8....#
#.......###...8.8...###
#.###.....)<.8.@.8.....
#.# ###.###...8.8...###
##.# #........8.......
...# ######........##.
#### ######...# ####


Turn 188 on D:2: ok

Levels and vault maps discovered:
D:1:      zelgadis_glass_arrival_small, layout_rooms, amcnicky_mini_pool_small,
          minmay_lizard_pond
D:2:      layout_loops_ring, chequers_ecumenical_altar_simple_redux
D:3:      layout_basic, fiery_altar_vehumet, led_xom_imps,
          chequers_temple_overflow_statue_of_worship, uniq_ijyb, uniq_terence
D:4:      layout_cave_pods
D:5:      layout_loops_corners, nemelex_xobeh_ov_fountains_minmay,
          minmay_temple_entry_waves, serial_undead, serial_undead_d,
          serial_undead_c, serial_undead_e, serial_undead_d, grunt_ministairs_7,
          fedhas_altar_fruit_tree
D:6:      layout_loops_ring, general_overflow_altar, basic_altar, serial_shops,
          shop, shop, shop
D:7:      layout_cave_pools, gammafunk_temple_of_torment, serial_gnoll_camp,
          gnoll_camp_mini_basic, gnoll_camp_medium_02, gnoll_camp_mini_doghouse,
          gnoll_camp_mini_hut, gnoll_camp_mini_shop, gnoll_camp_mini_doghouse,
          enter_ossuary_1, uniq_menkaure
D:8:      layout_rooms, old_standard_altar, okawaru_humans
D:9:      layout_small_grid, makhleb_grotto_becter,
          nicolae_overflow_crystal_walls, erik_orc_3, uniq_maggie
D:10:     layout_basic, grunt_dithmenos_smoke, uniq_erica, uniq_urug, uniq_grum,
          uniq_josephine
D:11:     layout_roguey, erik_lair_dragon, basic_altar, hangedman_incinerator
Lair:1:   layout_chaotic_city, basic_altar, worms_lemuel, grunt_megastairs_4,
          minmay_lair_oklob_chamber, uniq_sonja
Lair:2:   layout_regular_city
Lair:3:   regret_index_wax_grids, layout_loops_ring,
          portal_ice_cave_entry_pillars_2, grunt_forest_small_clearing_treed,
          serial_bayou_shore_a, infiniplex_staircase_pool
Lair:4:   layout_cave_pods, minmay_shoals_entry_centaurs,
          nicolae_spider_entry_non_spiders, serial_bayou_pond_d,
          infiniplex_staircase_pool_2
Lair:5:   layout_regular_city, slime_altar_1
Lair:6:   gammafunk_lair_ancient_temple, layout_gridlike
Orc:1:    cheibrodos_orc_arena, layout_diamond_mine, enter_volcano_3,
          basic_altar, guppyfry_library_mini
Orc:2:    st_orc_elflike, layout_diamond_mine, serial_shops, shop

Skill      XL: |  1  2  3  4  5  6  7  8  9 10 11 12 13 |
---------------+----------------------------------------+-----
Transmutations | 2 3 4 5 6 7 |  7.1
Spellcasting   | 5 6 7 8 9 |  9.5
Fighting       | 1 2 3 4 6 7 8 |  8.1
Short Blades   | 1 2 3 4 6 7 8 |  8.1
Long Blades    | 1 2 3 4 6 7 8 |  8.1
Axes           | 1 2 3 4 6 7 8 |  8.1
Maces & Flails | 1 2 3 4 6 7 8 |  8.1
Polearms       | 1 2 3 4 6 7 8 |  8.1
Staves         | 1 2 3 4 6 7 8 |  8.1
Slings         | 1 2 3 4 6 7 8 |  8.1
Bows           | 1 2 3 4 6 7 8 |  8.1
Crossbows      | 1 2 3 4 6 7 8 |  8.1
Throwing       | 1 2 3 4 6 7 8 |  8.1
Armour         | 1 2 3 4 6 7 8 |  8.1
Shields        | 1 2 3 4 6 7 8 |  8.1
Unarmed Combat | 1 2 3 4 6 7 8 |  8.1
Invocations    | 1 2 3 4 5 6 7 8 |  8.8
Evocations     | 1 2 3 4 6 7 8 |  8.1
Conjurations   | 1 2 3 5 6 |  6.7
Hexes          | 1 2 3 5 6 |  6.7
Summonings     | 1 2 3 5 6 |  6.7
Necromancy     | 1 2 3 5 6 |  6.7
Translocations | 1 2 3 5 6 |  6.7
Fire Magic     | 1 2 3 5 6 |  6.7
Ice Magic      | 1 2 3 5 6 |  6.7
Air Magic      | 1 2 3 5 6 |  6.7
Poison Magic   | 1 2 3 5 6 |  6.7
Dodging        | 5 6 7 8 9 |  9.3
Stealth        | 5 6 7 8 9 |  9.1
Earth Magic    | 6 7 8 |  8.7

Action                   |  1- 3 |  4- 6 |  7- 9 | 10-12 | 13-15 || total
-------------------------+-------+-------+-------+-------+-------++-------
Melee: Unarmed           |    13 |       |       |       |       ||    13
       Falchion          |       |    30 |       |       |       ||    30
       Bite              |       |    11 |     9 |    21 |     3 ||    44
       Quarterstaff      |       |     9 |    48 |       |       ||    57
       Mace              |       |       |    26 |       |       ||    26
       War axe           |       |       |     9 |    16 |       ||    25
       Morningstar       |       |       |     6 |   101 |       ||   107
       Staff             |       |       |     2 |    16 |    11 ||    29
Throw: Boomerang         |       |       |       |     7 |     6 ||    13
 Cast: Sandblast         |    27 |    11 |   110 |   120 |     4 ||   272
       Passwall          |     1 |       |       |     5 |       ||     6
       Stone Arrow       |       |    16 |    56 |    68 |    13 ||   153
       Lee's Rapid Decon |       |       |       |     8 |       ||     8
       Petrify           |       |       |       |     2 |       ||     2
Invok: Slouch            |       |       |       |     8 |     1 ||     9
Evoke: Condenser vane    |       |       |       |     1 |       ||     1
  Use: Potion            |       |     2 |     2 |       |     1 ||     5
       Scroll            |       |       |    17 |     9 |       ||    26
 Stab: Sleeping          |       |     1 |     2 |     2 |       ||     5
       Petrified         |       |       |       |     3 |       ||     3
Armor: Robe              |     4 |    10 |    12 |       |       ||    26
       Skin              |       |       |     6 |       |       ||     6
       Steam dragon scal |       |       |       |    20 |     3 ||    23
Dodge: Dodged            |    28 |    52 |   154 |   240 |     8 ||   482
Block: Buckler           |       |       |     9 |   106 |     4 ||   119
       Rpst.: Falchion   |     1 |     6 |       |       |       ||     7
